 Dungeon Crawl Stone Soup version 0.20.1-1-g8b1a95d (webtiles) character file.

87 MovingMist the Skirmisher (level 4, 0/29 HPs)
             Began as a Gargoyle Fighter on Nov 21, 2017.
             Killed by divine providence
             ... invoked by an orc priest
              (14 damage)
             ... on level 3 of the Dungeon.
             The game lasted 00:03:22 (1533 turns).

MovingMist the Skirmisher (Gargoyle Fighter)        Turns: 1533, Time: 00:03:23

Health: 0/29       AC: 10    Str: 19    XL:     4   Next: 51%
Magic:  4/4        EV:  8    Int:  9    God:
Gold:   84         SH:  9    Dex: 10    Spells: 3/3 levels left

rFire    . . .     SeeInvis .   a - +0 flail
rCold    . . .     Gourm    .   c - +0 shield
rNeg     + . .     Faith    .   b - +0 scale mail
rPois    ∞         Spirit   .   (no helmet)
rElec    +         Reflect  .   (no cloak)
rCorr    .         Harm     .   (no gloves)
MR       .....                  (no boots)
Stlth    ..........             (no amulet)
Regen    0.1/turn               (no ring)
MPRegen  0.1/turn               (no ring)

@: no status effects
A: negative energy resistance 1, electricity resistance, unbreathing,
petrification resistance, rot immunity, AC +3
a: no special abilities


You were on level 3 of the Dungeon.
You were hungry.

You visited 1 branch of the dungeon, and saw 3 of its levels.

You collected 84 gold pieces.

Inventory:

Hand Weapons
 a - a +0 flail (weapon)
Armour
 b - a +0 scale mail (worn)
 c - a +0 shield (worn)
Jewellery
 g - a +2 ring of dexterity {unknown}
 l - an uncursed amulet of faith {unknown}
Scrolls
 i - 2 scrolls of teleportation {unknown}
 k - 3 scrolls of identify {unknown}
 n - 2 scrolls of immolation {unknown}
Potions
 d - a potion of might
 e - 3 potions of curing {unknown}
 j - 2 potions of lignification {unknown}
 p - a potion of flight {unknown}
Comestibles
 f - a bread ration
 h - 3 meat rations
 m - 4 fruits


   Skills:
 + Level 3.8 Fighting
 + Level 2.3 Maces & Flails
 + Level 3.8 Armour
 * Level 2.2 Dodging
 - Level 3.2 Shields


You had 3 spell levels left.
You didn't know any spells.

Dungeon Overview and Level Annotations

Branches:
Dungeon (3/15)

Altars:
Gozag
Nemelex Xobeh
Zin


Innate Abilities, Weirdness & Mutations

You are resistant to torment.
Your stone body is resilient. (AC +3)
You are immune to poison.
You resist negative energy. (rN+)
You are resistant to electric shocks. (rElec)
You can survive without breathing.
You are immune to petrification.
You are immune to rotting.


Message History

You hit the orc but do no damage. You block the orc's attack.
You hit the orc.
The orc is heavily wounded.
You block the orc's attack.
You barely miss the orc.
The orc is heavily wounded.
The orc barely misses you.
Your shield and scale mail prevent you from hitting the orc.
The orc is heavily wounded.
The orc hits you but does no damage.
You hit the orc but do no damage.
The orc is heavily wounded.
The orc completely misses you.
You sock the orc!
You kill the orc!
You block the orc's attack.
You hit the orc but do no damage. You block the orc's attack.
The orc priest invokes the aid of Beogh against you.
Beogh smites you!
You die...

#.##.##.#.#
#.##<##...#
#(###########
##
##...)........
##.
#.............
#...
#.############
##..# #.#
#....###.#
#...oo@..#
##...#####
####


You could see an orc priest and an orc.

Vanquished Creatures
  2 adders (D:2)
  An ooze (D:1)
  2 dart slugs
  A leopard gecko (D:1)
  3 orcs (D:3)
  5 giant cockroaches
  10 hobgoblins
  4 bats
  3 frilled lizards
  9 goblins
  10 kobolds
  3 rats
53 creatures vanquished.

Vanquished Creatures (others)
  A rat (D:2)
1 creature vanquished.

Grand Total: 54 creatures vanquished

Notes
Turn   | Place    | Note
-------+----------+-------------------------------------------
     0 | D:1      | MovingMist the Gargoyle Fighter began the quest for the Orb.
     0 | D:1      | Reached XP level 1. HP: 14/14 MP: 1/1
    81 | D:1      | Reached skill level 1 in Dodging
    81 | D:1      | Reached XP level 2. HP: 11/19 MP: 2/2
   209 | D:1      | Reached XP level 3. HP: 8/23 MP: 3/3
  1064 | D:2      | Found a sparkling altar of Nemelex Xobeh.
  1065 | D:2      | Found an opulent altar of Gozag.
  1103 | D:2      | Reached XP level 4. HP: 24/29 MP: 4/4
  1126 | D:2      | Found a glowing silver altar of Zin.
  1533 | D:3      | Killed from afar by an orc priest

Skill      XL: |  1  2  3 |
---------------+----------+-----
Dodging        | 1 2 |  2.2
Fighting       | |  3.8
Maces & Flails | |  2.3
Armour         | |  3.8
Shields        | |  3.2

Action                   |  1- 3 |  4- 6 || total
-------------------------+-------+-------++-------
Melee: Flail             |   171 |    61 ||   232
  Eat: Chunk             |     1 |     1 ||     2
Armor: Scale mail        |    96 |    33 ||   129
Dodge: Dodged            |    69 |    18 ||    87
Block: Shield            |   105 |    32 ||   137
